 Dungeon Crawl Stone Soup version 0.19.5 (webtiles) character file.

174 Scud the Ruffian (level 5, -9/33 HPs)
             Began as a Gargoyle Monk on Mar 18, 2017.
             Was a Believer of Qazlal.
             Mangled by an ogre
             ... wielding a +0 giant club
              (14 damage)
             ... on level 4 of the Dungeon.
             The game lasted 00:12:53 (2646 turns).

Scud the Ruffian (Gargoyle Monk)                    Turns: 2646, Time: 00:12:54

Health: -9/33      AC:  6    Str: 16    XL:     5   Next: 54%
Magic:  5/5        EV: 13    Int: 14    God:    Qazlal [**....]
Gold:   102        SH:  3    Dex: 12    Spells: 0 memorised, 4 levels left

rFire  . . .     SeeInvis .       - Unarmed
rCold  . . .     Gourm    .     a - +0 robe
rNeg   + . .     Faith    .     (no shield)
rPois  ∞         Spirit   .     (no helmet)
rElec  +         Reflect  .     (no cloak)
rCorr  .         Harm     .     (no gloves)
MR     .....                    (no boots)
Stlth  ++........               (no amulet)
                                (no ring)
                                j - +4 ring of intelligence

@: no status effects
A: negative energy resistance 1, electricity resistance, unbreathing,
petrification resistance, rot immunity, AC +4
a: Upheaval, Renounce Religion


You were on level 4 of the Dungeon.
You worshipped Qazlal.
Qazlal was pleased with you.
You were not hungry.

You visited 1 branch of the dungeon, and saw 4 of its levels.

You collected 102 gold pieces.

Inventory:

Armour
 a - a +0 robe (worn)
Jewellery
 j - a +4 ring of intelligence (left hand)
Scrolls
 e - a scroll of teleportation
 f - a scroll of identify
 g - a scroll of remove curse {unknown}
 i - a scroll of enchant weapon
 l - a scroll of fear {unknown}
Potions
 k - a potion of curing {unknown}
Comestibles
 b - 4 bread rations
 c - a slice of pizza
 d - a royal jelly
 h - 2 meat rations


   Skills:
 + Level 3.7 Fighting
 + Level 3.5 Dodging
 + Level 2.9 Stealth
 + Level 4.6 Unarmed Combat


You had 4 spell levels left.
You didn't know any spells.

Dungeon Overview and Level Annotations

Branches:
Dungeon (4/15)
 Temple: D:4-7

Altars:
Ashenzari
Cheibriados
Elyvilon
Hepliaklqana
Qazlal
Ru
Sif Muna
Uskayaw
The Shining One


Innate Abilities, Weirdness & Mutations

You are resistant to torment.
Your stone body is resilient. (AC +4)
You are immune to poison.
You resist negative energy. (rN+)
You are resistant to electric shocks. (rElec)
You can survive without breathing.
You are immune to petrification.
You are immune to rotting.


Message History

You closely miss the ogre. The ogre hits you with a giant club!
* * * LOW HITPOINT WARNING * * *
You completely miss the ogre. The ogre hits you but does no damage.
You hit the ogre.
The ogre is lightly wounded.
You hit the ogre.
The ogre is moderately wounded.
The ogre barely misses you.
You hit the ogre.
The ogre is moderately wounded.
The ogre closely misses you.
You hit the ogre.
The ogre is heavily wounded.
You completely miss the ogre.
The ogre is heavily wounded.
You block the ogre's attack.
You barely miss the ogre.
The ogre is heavily wounded.
The ogre hits you with a giant club!
You die...

############
#..........#####
#...§@O......
#.#####.#####
#....<# #
#.##### #.# #.#
#.# #.# #>.


You could see an ogre.

Vanquished Creatures
  Natasha (twice) (D:3)
  6 adders (D:2)
  An ooze (D:2)
  An adder skeleton (D:2)
  A dart slug (D:2)
  2 leopard geckos (D:2)
  A giant cockroach (D:3)
  6 goblins
  8 hobgoblins
  9 kobolds
  2 quokkas (D:2)
  A ball python zombie (D:2)
  10 bats
  5 frilled lizards
  A giant cockroach zombie (D:2)
  A leopard gecko zombie (D:2)
  A quokka skeleton (D:2)
  4 rats
  A withered plant (D:2)
63 creatures vanquished.

Notes
Turn   | Place    | Note
-------+----------+-------------------------------------------
     0 | D:1      | Scud the Gargoyle Monk began the quest for the Orb.
     0 | D:1      | Reached XP level 1. HP: 14/14 MP: 1/1
     0 | D:1      | Noticed a ghoul
     0 | D:1      | Noticed a human
     1 | D:1      | Noticed a formicid
     3 | D:1      | Noticed a felid
     7 | D:1      | Noticed a centaur
    10 | D:1      | Noticed a vine stalker
    10 | D:1      | Noticed a troll
    12 | D:1      | Noticed a formicid
    12 | D:1      | Noticed a dwarf
    16 | D:1      | Noticed a draconian
    16 | D:1      | Noticed a spriggan
    18 | D:1      | Noticed a gargoyle
    18 | D:1      | Noticed a centaur
    20 | D:1      | Noticed a felid
   385 | D:1      | Reached XP level 2. HP: 16/19 MP: 2/2
   944 | D:2      | Reached XP level 3. HP: 12/23 MP: 3/3
  1263 | D:2      | Reached XP level 4. HP: 25/28 MP: 4/4
  1385 | D:2      | Found a stormy altar of Qazlal.
  1393 | D:2      | Became a worshipper of Qazlal Stormbringer
  1393 | D:2      | Reached * piety under Qazlal
  1393 | D:2      | Reached ** piety under Qazlal
  1465 | D:2      | Reached skill level 4 in Unarmed Combat
  1955 | D:3      | Reached XP level 5. HP: 33/33 MP: 5/5
  2008 | D:3      | Found a glowing golden altar of the Shining One.
  2013 | D:3      | Found a deep blue altar of Sif Muna.
  2014 | D:3      | Found a snail-covered altar of Cheibriados.
  2014 | D:3      | Found a shattered altar of Ashenzari.
  2014 | D:3      | Found a hide-covered altar of Uskayaw.
  2014 | D:3      | Found a sacrificial altar of Ru.
  2016 | D:3      | Found a white marble altar of Elyvilon.
  2017 | D:3      | Found a hazy altar of Hepliaklqana.
  2101 | D:3      | Noticed Natasha
  2105 | D:3      | Killed Natasha
  2180 | D:3      | Noticed Natasha
  2196 | D:3      | Killed Natasha
  2634 | D:4      | Noticed an ogre
  2646 | D:4      | Mangled by an ogre

Skill      XL: |  1  2  3  4 |
---------------+-------------+-----
Dodging        | 3 |  3.5
Unarmed Combat | 4 |  4.6
Fighting       | |  3.7
Stealth        | |  2.9

Action                   |  1- 3 |  4- 6 || total
-------------------------+-------+-------++-------
Melee: Unarmed           |   153 |   153 ||   306
       Punch             |     1 |     1 ||     2
  Use: Scroll            |     3 |     2 ||     5
       Potion            |     2 |     1 ||     3
 Stab: Sleeping          |     2 |       ||     2
       Invisible         |     1 |       ||     1
  Eat: Chunk             |     1 |     3 ||     4
       Bread ration      |       |     1 ||     1
Armor: Robe              |    54 |    65 ||   119
Dodge: Dodged            |   138 |   127 ||   265
Block: Other             |       |    10 ||    10
